 Dungeon Crawl Stone Soup version 0.23.2 (webtiles) character file.

Game seed: 262435349377864089

22741 PikkenKukken the Grappler (level 12, -6/189 HPs)
             Began as a Troll Earth Elementalist on Apr 6, 2019.
             Was a High Priest of Okawaru.
             Mangled by an eight-headed hydra (7 damage)
             ... on level 5 of the Lair of Beasts on Apr 7, 2019.
             The game lasted 00:26:42 (14695 turns).

PikkenKukken the Grappler (TrEE)                   Turns: 14695, Time: 00:26:42

Health: -6/189     AC:  8    Str: 24    XL:     12   Next: 65%
Magic:  0/22       EV: 16    Int: 15    God:    Okawaru [*****.]
Gold:   782        SH:  0    Dex: 10    Spells: 12/13 levels left

rFire    . . .     SeeInvis .   E - +0 giant spiked club
rCold    . . .     Gourm    +   (shield currently unavailable)
rNeg     . . .     Faith    .   c - +1 robe
rPois    .         Spirit   +   P - +1 hat
rElec    .         Reflect  .   w - scarf {Spirit}
rCorr    .         Harm     .   (gloves unavailable)
MR       .....                  (boots unavailable)
Stlth    ..........             h - amulet of rage
HPRegen  0.81/turn              e - ring of magical power
MPRegen  0.18/turn              (no ring)

@: berserking (expiring), heroism, very quick
A: large, unfitting armour, claws 3, fast metabolism 3, gourmand, regeneration
1, shaggy fur 1, tough skin 3
a: Heroism, Finesse, Renounce Religion, Evoke Berserk Rage


You were on level 5 of the Lair of Beasts.
You worshipped Okawaru.
Okawaru was extremely pleased with you.
You were very full.

You visited 2 branches of the dungeon, and saw 15 of its levels.

You collected 874 gold pieces.
You spent 92 gold pieces at shops.

Inventory:

Hand Weapons
 E - a +0 giant spiked club (weapon)
 M - the +6 giant club of Abstinence {vamp, rPois rC+ Str-5 Int+7}
   (Okawaru gifted it to you on level 2 of the Lair of Beasts)

   It inflicts no extra harm, but heals its wielder when it wounds a living foe.
   It affects your strength (-5).
   It affects your intelligence (+7).
   It protects you from cold.
   It protects you from poison.
Missiles
 a - 6 large rocks (quivered)
 b - 405 stones
 r - a throwing net
Armour
 c - a +1 robe (worn)
 u - a cursed +0 shield
 w - a scarf of spirit shield (worn)
 F - a scarf of repulsion
 O - the +3 cloak of the Sun {MP+9}
   (Okawaru gifted it to you on level 2 of the Lair of Beasts)

   It affects your magic capacity (+9).
 P - a +1 hat (worn)
Jewellery
 e - a ring of magical power (left claw)
 h - an amulet of rage (around neck)
 v - an uncursed ring of protection from magic
 y - an uncursed ring of stealth
 L - an uncursed ring of resist corrosion
Wands
 l - a wand of digging (7)
 z - a wand of acid (9)
 G - a wand of iceblast (7)
 H - a wand of disintegration (15)
 J - a wand of flame (6)
Scrolls
 f - 2 scrolls of remove curse
 i - 3 scrolls of enchant armour
 j - 8 scrolls of teleportation
 n - 8 scrolls of identify
 q - 4 scrolls of magic mapping
 t - 4 scrolls of blinking
Potions
 g - 6 potions of curing
 k - 3 potions of flight
 m - a potion of lignification
 o - a potion of magic
 p - 3 potions of ambrosia
 s - a potion of resistance
 x - 2 potions of agility
 A - 2 potions of mutation
 B - a potion of brilliance
 C - 2 potions of might
 D - 2 potions of heal wounds
 I - a potion of invisibility {unknown}
 N - a potion of berserk rage {unknown}
Comestibles
 d - 38 rations


   Skills:
 + Level 9.9(14.9) Fighting
 - Level 5.0(10.0) Throwing
 + Level 10.0(15.0) Dodging
 - Level 1.0(6.0) Stealth
 + Level 11.5(16.5) Unarmed Combat
 - Level 1.2 Spellcasting
   Level 0.6 Transmutations
 - Level 2.6 Earth Magic
 - Level 3.0 Invocations
 - Level 2.0 Evocations


You had 12 spell levels left.
You knew the following spells:

 Your Spells              Type           Power        Failure   Level  Hunger
a - Sandblast             Erth           #.....       8%          1    ##.....

Your spell library contained the following spells:

 Spells                   Type           Power        Failure   Level  Hunger
 Beastly Appendage        Tmut           #.....       19%         1    ##.....
 Passwall                 Tmut/Erth      #.......     19%         2    ###....
 Sticks to Snakes         Tmut           #.......     28%         2    ###....
 Stone Arrow              Conj/Erth      #.....       38%         3    ####...
 Spider Form              Tmut/Pois      #.........   54%         3    ####...
 Petrify                  Tmut/Erth      #.......     77%         4    #####..
 Ice Form                 Ice/Tmut       #.......     91%         4    #####..
 Lee's Rapid Deconstruct  Erth           #.........   91%         5    ######.
 Blade Hands              Tmut           #.........   99%         5    ######.


Dungeon Overview and Level Annotations

Branches:
Dungeon (10/15)            Temple (0/1) D:5            Lair (5/6) D:9
  Swamp (0/4) Lair:3        Snake (0/4) Lair:3
  Slime: Lair:5-6       Orc: D:9-12

Altars:
Dithmenos
Hepliaklqana
Nemelex Xobeh
Okawaru
Qazlal
Ru
Sif Muna
Uskayaw
Vehumet
Wu Jian
Xom
Yredelemnul

Shops:
D:6 (   D:8 *


Innate Abilities, Weirdness & Mutations

You are too large for most types of armour.
You have claws for hands.
Your metabolism is lightning-fast.
You like to eat raw meat.
Your natural rate of healing is unusually fast.
You are covered in fur. (AC +1)
You have extremely tough skin. (AC +3)


Message History

The porcupine bites you.
* * * LOW HITPOINT WARNING * * *
The wolf barely misses you. The eight-headed hydra bites you!
* * * LOW HITPOINT WARNING * * *
The eight-headed hydra closely misses you.
The eight-headed hydra completely misses you.
The eight-headed hydra bites you but does no damage.
The eight-headed hydra closely misses you.
The eight-headed hydra misses you. x2
The eight-headed hydra completely misses you.
The wolf bites you!
* * * LOW HITPOINT WARNING * * *
A wolf comes into view.
The porcupine misses you.
You barely miss the eight-headed hydra.
The eight-headed hydra is heavily wounded.
The wolf barely misses you. The eight-headed hydra bites you!
* * * LOW HITPOINT WARNING * * *
The eight-headed hydra misses you. The eight-headed hydra bites you!
You die...

#..... ##...⌠.
##..... .
##.....
#.###..⌠..####.
⌠.......$......
#...Dr......
+.⌠.@h⌠..⌠..
#...h.......
#....h......
##..⌠..#####
#....$.
.##....F #.
##...⌠. ..
#.....


You could see an eight-headed hydra, a spiny frog, 3 wolves and a porcupine.

Vanquished Creatures
  Gastronok (Lair:2)
  4 hydras
  An oklob plant (Lair:1)
  2 black mambas (Lair:2)
  Joseph (D:9)
  8 spiny frogs
  A rime drake (Lair:3)
  A troll (D:10)
  4 komodo dragons
  A queen bee (Lair:2)
  Grinder (D:3)
  2 hippogriffs
  A dream sheep (Lair:4)
  Sigmund (D:2)
  A spriggan (Lair:4)
  9 yaks
  A wraith (D:10)
  2 wyverns (Lair:3)
  3 vampire mosquitoes (Lair:3)
  A basilisk (Lair:4)
  2 nagas (Lair:3)
  9 water moccasins
  2 ice beasts
  10 porcupines
  3 black bears
  2 sky beasts (D:7)
  4 orc warriors
  An ogre (D:7)
  3 centaurs
  15 wolves
  15 crocodiles
  A big kobold (D:7)
  9 bullfrogs
  A wyvern zombie (D:10)
  A gnoll sergeant (D:6)
  4 scorpions
  31 killer bees
  2 howler monkeys
  5 wights (D:10)
  An electric eel (Lair:3)
  A bullfrog zombie (D:5)
  3 crimson imps
  6 hounds
  Crazy Yiuf (D:2)
  A bullfrog skeleton (D:8)
  7 orc priests
  2 iguanas
  5 orc wizards
  7 worker ants
  A hound skeleton (D:6)
  A worker ant zombie (D:5)
  8 gnolls
  A howler monkey skeleton (D:5)
  9 adders
  4 shadow imps
  An ooze (D:4)
  An adder skeleton (D:7)
  An adder zombie (D:10)
  4 worms
  4 dart slugs
  3 leopard geckos
  25 orcs
  9 giant cockroaches
  5 hobgoblins
  4 jackals (D:4)
  3 quokkas
  A ball python (D:1)
  7 bats
  6 frilled lizards
  9 goblins
  10 kobolds
  A quokka zombie (D:5)
  7 rats
  A plant (Lair:1)
326 creatures vanquished.

Vanquished Creatures (others)
  10 fungi (D:9)
  2 plants
12 creatures vanquished.

Grand Total: 338 creatures vanquished

Notes
Turn   | Place    | Note
-------+----------+-------------------------------------------
     0 | D:1      | PikkenKukken the Troll Earth Elementalist began the quest
                  | for the Orb.
     0 | D:1      | Reached XP level 1. HP: 16/16 MP: 1/1
   135 | D:1      | Reached XP level 2. HP: 26/26 MP: 2/2
   411 | D:1      | Reached skill level 1 in Unarmed Combat
   434 | D:1      | Reached skill level 1 in Throwing
  1048 | D:2      | Reached skill level 1 in Fighting
  1048 | D:2      | Reached XP level 3. HP: 33/33 MP: 3/3
  1248 | D:2      | Noticed Sigmund
  1287 | D:2      | Killed Sigmund
  1287 | D:2      | Reached skill level 2 in Unarmed Combat
  1287 | D:2      | Reached XP level 4. HP: 12/42 MP: 4/4
  1287 | D:2      | Reached XP level 5. HP: 14/49 MP: 5/5
  1714 | D:2      | Found a faded altar of an unknown god.
  1816 | D:2      | Found a runed translucent door.
  1817 | D:2      | Noticed Crazy Yiuf
  2070 | D:2      | Killed Crazy Yiuf
  2070 | D:2      | Reached XP level 6. HP: 21/57 MP: 6/6
  2709 | D:3      | Noticed Grinder
  2730 | D:3      | Paralysed by Grinder for 6 turns
  2752 | D:3      | Killed Grinder
  2752 | D:3      | Reached skill level 3 in Unarmed Combat
  2752 | D:3      | Reached skill level 1 in Evocations
  2752 | D:3      | Reached XP level 7. HP: 23/66 MP: 7/7
  2981 | D:3      | Found a basalt altar of Yredelemnul.
  2985 | D:3      | Found a hide-covered altar of Uskayaw.
  2986 | D:3      | Found an ornate altar of the Wu Jian Council.
  2986 | D:3      | Found a radiant altar of Vehumet.
  2991 | D:3      | Found a sacrificial altar of Ru.
  3215 | D:3      | Found a stormy altar of Qazlal.
  3343 | D:3      | Found a shimmering altar of Xom.
  3415 | D:4      | Found a shadowy altar of Dithmenos.
  3514 | D:4      | Found an iron altar of Okawaru.
  3625 | D:4      | Became a worshipper of Warmaster Okawaru
  4047 | D:5      | Entered Level 5 of the Dungeon
  4367 | D:5      | Found a sparkling altar of Nemelex Xobeh.
  4405 | D:5      | Reached skill level 1 in Invocations
  4408 | D:5      | Found a staircase to the Ecumenical Temple.
  4748 | D:6      | Reached skill level 4 in Unarmed Combat
  4748 | D:6      | Reached XP level 8. HP: 75/75 MP: 8/8
  5009 | D:6      | Reached * piety under Okawaru
  5046 | D:6      | Found Wonu's Weapon Shoppe.
  5085 | D:6      | Found a hazy altar of Hepliaklqana.
  5988 | D:7      | Reached skill level 5 in Unarmed Combat
  5993 | D:7      | Reached XP level 9. HP: 84/84 MP: 10/10
  6465 | D:8      | Found Numesch's Assorted Antiques.
  6470 | D:8      | Bought a scroll of identify for 46 gold pieces
  6470 | D:8      | Bought a scroll of identify for 46 gold pieces
  6606 | D:8      | Reached ** piety under Okawaru
  6657 | D:8      | Reached skill level 5 in Throwing
  6764 | D:8      | Reached skill level 5 in Dodging
  7098 | D:9      | Noticed Joseph
  7115 | D:9      | Killed Joseph
  7115 | D:9      | Reached skill level 5 in Fighting
  7115 | D:9      | Reached skill level 6 in Unarmed Combat
  7211 | D:9      | Found a staircase to the Lair.
  7225 | D:9      | Reached *** piety under Okawaru
  7341 | D:9      | Found a deep blue altar of Sif Muna.
  7811 | D:10     | Entered Level 10 of the Dungeon
  7828 | D:10     | Reached skill level 7 in Unarmed Combat
  7828 | D:10     | Reached XP level 10. HP: 98/98 MP: 11/11
  7983 | D:10     | Reached **** piety under Okawaru
  8150 | D:10     | Received a gift from Okawaru
  8584 | D:10     | Reached skill level 8 in Unarmed Combat
  9363 | Lair:1   | Entered Level 1 of the Lair of Beasts
  9575 | Lair:1   | Noticed an oklob plant
  9614 | Lair:1   | Killed an oklob plant
  9816 | Lair:1   | Noticed a spiny frog
  9824 | Lair:1   | Killed a spiny frog
  9973 | Lair:1   | Noticed a spiny frog
  9981 | Lair:1   | Killed a spiny frog
  9981 | Lair:1   | Reached ***** piety under Okawaru
 10060 | Lair:1   | Reached XP level 11. HP: 91/109 MP: 12/12
 10089 | Lair:1   | Received a gift from Okawaru
 10089 | Lair:1   | Reached skill level 9 in Unarmed Combat
 10489 | Lair:2   | Noticed a seven-headed hydra
 10528 | Lair:2   | Killed a seven-headed hydra
 10939 | Lair:2   | Received a gift from Okawaru
 10963 | Lair:2   | Got a faintly glowing giant club {god gift}
 10970 | Lair:2   | Identified the +6 giant club of Abstinence {vamp, rPois rC+
                  | Str-5 Int+7} (Okawaru gifted it to you on level 2 of the
                  | Lair of Beasts)
 11108 | Lair:2   | Reached skill level 10 in Unarmed Combat
 11255 | Lair:2   | Noticed Gastronok
 11266 | Lair:2   | Killed Gastronok
 11266 | Lair:2   | Received a gift from Okawaru
 11269 | Lair:2   | Got a twisted cloak {god gift}
 11287 | Lair:2   | Identified the +3 cloak of the Sun {MP+9} (Okawaru gifted
                  | it to you on level 2 of the Lair of Beasts)
 12160 | Lair:3   | Reached XP level 12. HP: 61/122 MP: 9/13
 13039 | Lair:3   | Found a staircase to the Swamp.
 13489 | Lair:3   | Reached skill level 11 in Unarmed Combat
 13656 | Lair:3   | Found a staircase to the Snake Pit.
 13856 | Lair:4   | Noticed a six-headed hydra
 13867 | Lair:4   | Killed a six-headed hydra
 14050 | Lair:4   | Noticed a seven-headed hydra
 14063 | Lair:4   | Killed a seven-headed hydra
 14488 | Lair:4   | Noticed a four-headed hydra
 14500 | Lair:4   | Killed a four-headed hydra
 14500 | Lair:4   | Reached skill level 10 in Dodging
 14682 | Lair:5   | Noticed an eight-headed hydra
 14694 | Lair:5   | HP: 7/189 [wolf (6)]
 14695 | Lair:5   | HP: 1/189 [eight-headed hydra (7)]
 14695 | Lair:5   | Mangled by an eight-headed hydra

Skill      XL: |  1  2  3  4  5  6  7  8  9 10 11 12 |
---------------+-------------------------------------+-----
Unarmed Combat | 1 2 3 4 5 7 8 10 11 | 11.5
Throwing       | 1 2 3 4 5 |  5.0
Fighting       | 1 2 3 4 5 7 8 9 |  9.9
Dodging        | 2 3 4 6 7 9 10 | 10.0
Evocations     | 1 2 |  2.0
Invocations    | 1 3 |  3.0
Stealth        | |  1.0
Spellcasting   | |  1.2
Transmutations | |  0.6
Earth Magic    | |  2.6

Action                   |  1- 3 |  4- 6 |  7- 9 | 10-12 || total
-------------------------+-------+-------+-------+-------++-------
Melee: Unarmed           |   151 |   108 |   403 |   517 ||  1179
       Punch             |       |       |    12 |    30 ||    42
       Giant spiked club |       |       |       |    27 ||    27
Throw: Large rock        |       |       |       |     5 ||     5
Invok: Heroism           |       |       |     5 |    26 ||    31
 Abil: Evoke Berserk Rag |       |       |     3 |    12 ||    15
Evoke: Wand              |       |       |       |     2 ||     2
  Use: Scroll            |     5 |     2 |     9 |    10 ||    26
       Potion            |     1 |       |     1 |     1 ||     3
 Stab: Invisible         |       |     1 |       |       ||     1
       Sleeping          |       |       |     3 |     4 ||     7
  Eat: Chunk             |    17 |    13 |    48 |    80 ||   158
Armor: Robe              |    89 |    42 |   126 |   144 ||   401
Dodge: Dodged            |    80 |    56 |   227 |   500 ||   863
